 Dungeon Crawl Stone Soup version 0.24-a0-102-g7635c99 (console) character file.

Game seed: 6025017965822539674

397 Duffy the Firebug (level 6, -5/36 HPs)
             Began as an Octopode Fire Elementalist on Feb 12, 2019.
             Killed from afar by an orc wizard (7 damage)
             ... with a magic dart
             ... on level 4 of the Dungeon.
             The game lasted 00:04:36 (4372 turns).

Duffy the Firebug (Octopode Fire Elementalist)      Turns: 4372, Time: 00:04:36

Health: -5/36      AC:  1    Str:  8    XL:     6   Next: 83%
Magic:  1/11       EV: 15    Int: 19    God:
Gold:   260        SH:  0    Dex: 12    Spells: 3/11 levels left

rFire    + . .     SeeInvis .   q - +0 dagger (venom)
rCold    . . .     Gourm    .   (no shield)
rNeg     . . .     Faith    .   (helmet restricted)
rPois    .         Spirit   .   (no amulet)
rElec    .         Reflect  .   i - ring of protection from fire
rCorr    .         Harm     .   m - +2 ring of evasion
MR       .....                  (no ring)
Stlth    +++.......             (no ring)
HPRegen  0.12/turn              (no ring)
MPRegen  0.12/turn              (no ring)
                                (no ring)
                                (no ring)

@: no status effects
A: almost no armour, stealthy swim, amphibious, 8 rings, constrict 8, camouflage
1, gelatinous body 1
a: no special abilities


You were on level 4 of the Dungeon.
You were not hungry.

You visited 1 branch of the dungeon, and saw 5 of its levels.

You collected 260 gold pieces.

Inventory:

Hand Weapons
 g - a +0 dagger
 h - a +3 dagger of flaming
 q - a +0 dagger of venom (weapon)
Jewellery
 i - a ring of protection from fire (left tentacle)
 m - a +2 ring of evasion (right tentacle)
Wands
 l - a wand of iceblast (9)
Scrolls
 a - 3 scrolls of remove curse {unknown}
 c - a scroll of identify {unknown}
 f - a scroll of teleportation {unknown}
 k - 2 scrolls of fear {unknown}
 n - a scroll of blinking {unknown}
 o - a scroll of enchant armour {unknown}
 r - a scroll of noise {unknown}
 t - a scroll of enchant weapon {unknown}
Potions
 d - 2 potions of might {unknown}
 e - 2 potions of curing {unknown}
 j - 2 potions of heal wounds
 s - a potion of invisibility {unknown}
Comestibles
 b - 5 rations
 p - a chunk of flesh


   Skills:
 - Level 2.0 Dodging
 - Level 2.6 Stealth
 + Level 3.4 Spellcasting
 + Level 4.3 Conjurations
 + Level 4.3 Fire Magic
 + Level 2.7 Evocations


You had 3 spell levels left.
You knew the following spells:

 Your Spells              Type           Power        Failure   Level  Hunger
h - Flame Tongue          Conj/Fire      ###..        2%          1    None
j - Sticky Flame          Conj/Fire      ###.....     26%         4    ####...
l - Conjure Flame         Conj/Fire      ###.....     8%          3    ###....

Your spell library contained the following spells:

 Spells                   Type           Power        Failure   Level  Hunger
 Throw Flame              Conj/Fire      ###...       3%          2    ##.....
 Inner Flame              Hex/Fire       ##......     19%         3    ###....
 Fireball                 Conj/Fire      ###.......   56%         5    ######.


Dungeon Overview and Level Annotations

Branches:
Dungeon (5/15)             Temple (0/1) D:4

Altars:
Vehumet


Innate Abilities, Weirdness & Mutations

You cannot wear most types of armour.
You are very stealthy in the water. (Stealth+)
You are amphibious.
You can wear up to eight rings at the same time.
You can use your tentacles to constrict eight enemies at once.
Your skin changes colour to match your surroundings (Stealth+).
Your rubbery body absorbs attacks. (AC +1, EV +1)


Message History

You closely miss something. You hit something but do no damage.
Your squeeze misses something. Something hits you.
You hit something but do no damage. Something hits you.
You miss something. Something hits you.
There is a stone staircase leading up here.
Something hits you but does no damage.
The orc wizard gestures at you while chanting.
The magic dart hits something.
You climb upwards.
Reactivating autopickup.
There is a stone staircase leading down here.
Deactivating autopickup; reactivate with Ctrl-A.
You closely miss something. Something hits you but does no damage.
You miss something. Something hits you.
You miss something.
You hear some strange, mumbled words.
A magic dart appears from out of thin air!
The magic dart hits you!
You die...

#.....................#
#.....
......................#
#.....
.......#############..#
##.... ........# #..#
#.... ........# #.##
##... ........#
#########># #...
........# #.......#.##
##.. ........#
#......{...#### ###
........#
#.....@....(..#
........#
#...............#
........#
#................
........#
#..........?.....
........
#.............###
....... #............##
...... ..............#
..... ##...........##
....


There were no monsters in sight!

Vanquished Creatures
  An ogre (D:3)
  A howler monkey (D:3)
  A hound (D:4)
  Natasha (twice) (D:2)
  Robin (D:1)
  6 adders
  3 gnolls (D:2)
  An ooze (D:3)
  A worm (D:2)
  A dart slug (D:2)
  2 leopard geckos
  4 orcs
  7 giant cockroaches
  6 hobgoblins
  3 jackals (D:5)
  5 quokkas
  7 bats
  5 frilled lizards
  18 goblins
  3 kobolds (D:1)
  8 rats
86 creatures vanquished.

Notes
Turn   | Place    | Note
-------+----------+-------------------------------------------
     0 | D:1      | Duffy the Octopode Fire Elementalist began the quest for
                  | the Orb.
     0 | D:1      | Reached XP level 1. HP: 11/11 MP: 3/3
   122 | D:1      | Reached XP level 2. HP: 7/17 MP: 3/5
  1063 | D:1      | Reached XP level 3. HP: 21/21 MP: 6/6
  1135 | D:2      | Learned a level 3 spell: Conjure Flame
  1169 | D:2      | Reached XP level 4. HP: 27/27 MP: 1/7
  1314 | D:2      | Noticed Natasha
  1338 | D:2      | Killed Natasha
  1876 | D:2      | Noticed Robin
  2018 | D:2      | HP: 1/27 [goblin/stone[Robin] (7)]
  2351 | D:1      | Killed Robin
  2351 | D:1      | Reached skill level 1 in Evocations
  2351 | D:1      | Reached XP level 5. HP: 25/31 MP: 3/8
  2497 | D:2      | Learned a level 4 spell: Sticky Flame
  2641 | D:2      | Noticed Natasha
  2666 | D:2      | Killed Natasha
  3643 | D:4      | Noticed an ogre
  3658 | D:3      | Reached XP level 6. HP: 21/36 MP: 5/10
  4207 | D:4      | Found a staircase to the Ecumenical Temple.
  4335 | D:5      | Entered Level 5 of the Dungeon
  4338 | D:5      | Found a radiant altar of Vehumet.
  4372 | D:4      | Killed from afar by an orc wizard

Levels and vault maps discovered:
D:1:      sevenhm_arrival_forest_fort_small_3, layout_rooms
D:2:      layout_basic, serial_glass, glass_columns_b, glass_columns_c,
          uniq_natasha, uniq_robin
D:3:      layout_loops_cross
D:4:      layout_cave_pods, minmay_temple_entry_from_below_a
D:5:      layout_basic, vehumet_altar_wand_db,
          nemelex_xobeh_ov_fountains_minmay, serial_shops,
          kennysheep_little_box, gup_sewer_entry_pipe, first_ration,
          uniq_crazy_yiuf_cottage, uniq_menkaure

Skill      XL: |  1  2  3  4  5  6 |
---------------+-------------------+-----
Conjurations   | 2 3 4 |  4.3
Evocations     | 1 2 |  2.7
Spellcasting   | 3 |  3.4
Fire Magic     | 4 |  4.3
Dodging        | |  2.0
Stealth        | |  2.6

Action                   |  1- 3 |  4- 6 || total
-------------------------+-------+-------++-------
Melee: Unarmed           |    49 |       ||    49
       Constrict         |    16 |    15 ||    31
       Tentacles         |     8 |     5 ||    13
       Dagger            |    18 |    89 ||   107
 Cast: Flame Tongue      |    11 |    48 ||    59
       Conjure Flame     |       |     2 ||     2
 Stab: Sleeping          |     4 |    19 ||    23
       Distracted        |       |     1 ||     1
  Eat: Chunk             |     1 |    10 ||    11
Armor: Skin              |     2 |     7 ||     9
Dodge: Dodged            |    44 |    75 ||   119

Table legend:
 A = Non-vault XP
 B = Vault XP
 C = Vault XP percentage of total XP
 D = Non-vault monster count
 E = Vault monster count
 F = Vault count percentage of total count
                 A         B        C        D         E       F
            +---------+---------+-------+---------+---------+-------
      Total |     493 |      75 |  13.2 |      73 |      13 |  15.1
            +---------+---------+-------+---------+---------+-------
        D:1 |      36 |      26 |  41.9 |      25 |       5 |  16.7
        D:2 |     124 |      47 |  27.5 |      19 |       7 |  26.9
        D:3 |     243 |       0 |   0.0 |      16 |       0 |   0.0
        D:4 |      64 |       0 |   0.0 |       6 |       0 |   0.0
        D:5 |      26 |       2 |   7.1 |       7 |       1 |  12.5
            +---------+---------+-------+---------+---------+-------
